 Dungeon Crawl Stone Soup version 0.19.0-20-gbc5f0c6 (webtiles) character file.

3813 mopl the Covert (level 9, -6/46 HPs)
             Began as a Spriggan Wanderer on Nov 16, 2016.
             Mangled by a killer bee (9 damage)
             ... on level 8 of the Dungeon on Nov 17, 2016.
             The game lasted 00:19:42 (9915 turns).

mopl the Covert (Spriggan Wanderer)                 Turns: 9915, Time: 00:19:43

Health: -6/46      AC:  3    Str:  8    XL:     9   Next: 97%
Magic:  10/10      EV: 28    Int: 13    God:
Gold:   501        SH:  0    Dex: 19    Spells: 0 memorised, 8 levels left

rFire  . . .     SeeInvis +     b - +2 dagger (venom)
rCold  . . .     Gourm    .     d - +0 robe
rNeg   . . .     Faith    .     (shield restricted)
rPois  .         Spirit   .     (helmet restricted)
rElec  .         Reflect  .     Y - +0 cloak
rCorr  .         Harm     .     (gloves unavailable)
MR     +....                    (boots unavailable)
Stlth  ++++++....               (no amulet)
                                u - -2 ring of slaying (curse)
                                I - +5 ring of evasion

@: very quick
A: unfitting armour, see invisible, herbivore 3, speed 3, slow metabolism 2
a: no special abilities


You were on level 8 of the Dungeon.
You were not hungry.

You visited 2 branches of the dungeon, and saw 10 of its levels.

You collected 501 gold pieces.

Inventory:

Hand Weapons
 a - a +2 shortbow
 b - a +2 dagger of venom (weapon)
 o - a +0 hunting sling
 F - a +1 dagger of protection
Missiles
 e - 66 arrows
 g - 46 poisoned needles
 h - 267 stones (quivered)
 p - 39 sling bullets
 E - 14 tomahawks
Armour
 d - a +0 robe (worn)
 Y - a +0 cloak (worn)
Jewellery
 r - an uncursed ring of protection from magic
 u - a cursed -2 ring of slaying (right hand)
 I - a +5 ring of evasion (left hand)
 S - an uncursed ring of protection from magic
 U - a +1 ring of protection
Wands
 w - a wand of lightning (6/15)
 A - a wand of digging (12/24)
 D - a wand of slowing (18/48)
 P - a wand of polymorph (1/24)
 V - a wand of lightning (10/15)
 Z - a wand of polymorph (13/24)
Scrolls
 c - 5 scrolls of teleportation
 j - a scroll of recharging {unknown}
 k - a scroll of fog {unknown}
 l - 3 scrolls of immolation {unknown}
 s - 2 scrolls of random uselessness {unknown}
 t - a scroll of enchant weapon {unknown}
 v - 6 scrolls of identify {unknown}
 y - 2 scrolls of remove curse {unknown}
 z - a scroll of enchant armour {unknown}
 B - 3 scrolls of blinking {unknown}
 C - a scroll of fear {unknown}
 K - a scroll of noise {unknown}
 W - 2 scrolls of magic mapping {unknown}
Potions
 i - 2 potions of degeneration {unknown}
 m - a potion of berserk rage {unknown}
 n - a potion of ambrosia {unknown}
 q - 4 potions of flight {unknown}
 x - 2 potions of invisibility {unknown}
 G - a potion of beneficial mutation {unknown}
 H - 3 potions of curing {unknown}
 M - 3 potions of haste
 O - a potion of might
 Q - 2 potions of lignification {unknown}
 T - a potion of agility
 X - 2 potions of brilliance {unknown}
Books
 J - a book of Battle

   Spells                             Type                      Level
   a - Infusion                       Charms                       1
   b - Shroud of Golubria             Charms/Translocation         2
   c - Song of Slaying                Charms                       2
   d - Spectral Weapon                Hexes/Charms                 3
   e - Regeneration                   Charms/Necromancy            3
 L - a book of Cantrips

   Spells                             Type                      Level
   a - Confusing Touch                Hexes                        1
   b - Animate Skeleton               Necromancy                   1
   c - Summon Small Mammal            Summoning                    1
   d - Apportation                    Translocation                1
 R - a book of Minor Magic

   Spells                             Type                      Level
   a - Magic Dart                     Conjuration                  1
   b - Blink                          Translocation                2
   c - Call Imp                       Summoning                    2
   d - Repel Missiles                 Charms/Air                   2
   e - Slow                           Hexes                        2
   f - Conjure Flame                  Conjuration/Fire             3
   g - Mephitic Cloud                 Conjuration/Poison/Air       3
Comestibles
 f - 7 bread rations
 N - 8 fruits


   Skills:
 + Level 4.9 Fighting
 + Level 7.0 Short Blades
 - Level 1.2 Bows
 * Level 6.6 Throwing
 + Level 7.2 Dodging
 * Level 13.6 Stealth


You had 8 spell levels left.
You didn't know any spells.

Dungeon Overview and Level Annotations

Branches:
Dungeon (9/15)             Temple (1/1) D:7
   Lair: D:8-11         Orc: D:9-12

Altars:
Cheibriados
Elyvilon
Fedhas
Hepliaklqana
Kikubaaqudgha
Makhleb
Nemelex Xobeh
Okawaru
Qazlal
Ru
Sif Muna
Uskayaw
Xom
Yredelemnul
Zin
The Shining One

Shops:
D:6 [

Annotations:
D:4 Philosophy's ghost, amateur HOFi


Innate Abilities, Weirdness & Mutations

You are very small and have problems with some larger weapons.
You are too small for most types of armour.
You have supernaturally acute eyesight. (SInv)
You are a herbivore.
You cover ground extremely quickly.
You need consume almost no food.


Message History

Aim: a killer bee (chance to defeat MR: 61%)
The killer bee resists with significant effort.
Evoking this partially-identified wand wasted a few charges.
The killer bee misses you. The killer bee stings you!
* * * LOW HITPOINT WARNING * * *
Evoke which item? (* to show all) (? for menu, Esc to quit)
Zapping:
P - a wand of polymorph (will waste charges)
Press: ? - help, Shift-Dir - straight line, f/p - killer bee
Aim: a killer bee (chance to defeat MR: 54%)
The killer bee resists with significant effort.
Evoking this partially-identified wand wasted a few charges.
The killer bee completely misses you. x2
Evoke which item? (* to show all) (? for menu, Esc to quit)
Zapping:
P - a wand of polymorph {zapped: 3} (will waste charges)
Press: ? - help, Shift-Dir - straight line, f/p - killer bee
Aim: a killer bee (chance to defeat MR: 54%)
The killer bee resists with significant effort.
Evoking this partially-identified wand wasted a few charges.
The killer bee misses you. The killer bee stings you!
You die...

#.# #.........#
######.# ##.#####.##
#......# ##........#
#.###### ##.....##### #
#.#.## ##.......## ##
#....####.........####.
#.......'.........'....
#....####.........####.
#.J..y@........<.## ##
#.#######.#.....## #
#.##### #.##...##
#.....# #.###'##
#.###.# #.# #.# #J# #.#
#.# #.#
#.###.###.###.##
#...J.....##...##
#####.##........#


You could see a jelly and a killer bee.

Vanquished Creatures
  Grinder (D:4)
  2 two-headed ogres
  A hungry ghost (D:8)
  Grum (D:8)
  An orc warrior (D:7)
  2 sky beasts
  2 ice beasts
  3 ogres
  A necrophage (D:8)
  3 wolves (D:8)
  4 centaurs
  A wyvern skeleton (D:7)
  2 scorpions
  3 killer bees
  A centaur zombie (D:6)
  3 crimson imps
  2 hounds (D:8)
  A jelly (D:6)
  A bullfrog skeleton (D:7)
  A centaur skeleton (D:6)
  4 iguanas
  9 orc priests
  7 orc wizards
  6 worker ants
  2 hound zombies
  Robin (D:2)
  10 gnolls
  3 adders
  A shadow imp (D:8)
  2 oozes
  An adder skeleton (D:7)
  3 worms (D:2)
  2 dart slugs
  8 leopard geckos
  24 orcs
  3 ball pythons
  10 bats
  9 giant cockroaches
  15 goblins
  11 hobgoblins
  3 jackals (D:2)
  3 quokkas
  A frilled lizard (D:2)
  8 kobolds
  9 rats
191 creatures vanquished.

Vanquished Creatures (others)
  An orc (D:5)
1 creature vanquished.

Grand Total: 192 creatures vanquished

Notes
Turn   | Place    | Note
-------+----------+-------------------------------------------
     0 | D:1      | mopl the Spriggan Wanderer began the quest for the Orb.
     0 | D:1      | mopl set off with: a +2 shortbow, 25 arrows, 2 scrolls of teleportation, a +0 robe, a +0 dagger, a bread ration
     0 | D:1      | Reached XP level 1. HP: 12/12 MP: 2/2
   205 | D:1      | Reached skill level 1 in Short Blades
   205 | D:1      | Reached XP level 2. HP: 16/16 MP: 3/3
   345 | D:1      | Reached skill level 5 in Stealth
  1065 | D:2      | Reached skill level 2 in Short Blades
  1065 | D:2      | Reached XP level 3. HP: 20/20 MP: 4/4
  1264 | D:2      | Noticed Robin
  1352 | D:2      | Killed Robin
  1352 | D:2      | Reached skill level 6 in Stealth
  1629 | D:2      | Reached XP level 4. HP: 23/24 MP: 5/5
  1717 | D:2      | Reached skill level 3 in Short Blades
  1980 | D:3      | Reached skill level 1 in Throwing
  2203 | D:3      | Reached skill level 7 in Stealth
  2203 | D:3      | Reached XP level 5. HP: 28/28 MP: 6/6
  2733 | D:4      | Noticed an ogre
  2745 | D:4      | Killed an ogre
  2745 | D:4      | Reached skill level 2 in Throwing
  2745 | D:4      | Reached skill level 8 in Stealth
  2745 | D:4      | Reached XP level 6. HP: 26/32 MP: 7/7
  2783 | D:4      | Noticed Grinder
  2784 | D:4      | Reached skill level 4 in Short Blades
  2787 | D:4      | Killed Grinder
  2787 | D:4      | Reached skill level 9 in Stealth
  2787 | D:4      | Reached XP level 7. HP: 33/36 MP: 8/8
  3035 | D:4      | Found a blossoming altar of Fedhas.
  3172 | D:4      | Noticed Philosophy's ghost (amateur HOFi)
  3300 | D:4      | Reached skill level 3 in Throwing
  3726 | D:5      | Entered Level 5 of the Dungeon
  3745 | D:5      | Reached skill level 10 in Stealth
  4352 | D:5      | Reached skill level 5 in Short Blades
  4398 | D:5      | Found a sacrificial altar of Ru.
  4400 | D:5      | Noticed a two-headed ogre
  4483 | D:5      | Killed a two-headed ogre
  4483 | D:5      | Reached XP level 8. HP: 40/40 MP: 9/9
  4529 | D:5      | Reached skill level 11 in Stealth
  5123 | D:5      | Reached skill level 4 in Throwing
  5123 | D:5      | Reached skill level 4 in Dodging
  6220 | D:6      | Reached skill level 5 in Dodging
  6307 | D:6      | Found Ejeshroh's Armour Shoppe.
  6315 | D:6      | Reached skill level 12 in Stealth
  6630 | D:5      | Reached skill level 4 in Fighting
  6791 | D:6      | Reached skill level 6 in Short Blades
  7151 | D:6      | Reached XP level 9. HP: 27/45 MP: 10/10
  7703 | D:7      | Reached skill level 5 in Throwing
  7909 | D:7      | Found a staircase to the Ecumenical Temple.
  7920 | Temple   | Entered the Ecumenical Temple
  8227 | D:7      | Reached skill level 6 in Dodging
  8373 | D:8      | Reached skill level 13 in Stealth
  8765 | D:8      | Noticed Grum
  8828 | D:8      | Reached skill level 6 in Throwing
  9047 | D:8      | Found a sparkling altar of Nemelex Xobeh.
  9162 | D:8      | Killed Grum
  9396 | D:8      | Reached skill level 7 in Dodging
  9831 | D:8      | Reached skill level 7 in Short Blades
  9913 | D:8      | HP: 2/46 [killer bee (7)]
  9915 | D:8      | Mangled by a killer bee

Skill      XL: |  1  2  3  4  5  6  7  8  9 |
---------------+----------------------------+-----
Short Blades   | 1 2 3 4 5 6 7 |  7.0
Stealth        | 5 6 7 8 9 10 12 13 | 13.6
Throwing       | 1 2 3 4 6 |  6.6
Dodging        | 5 7 |  7.2
Fighting       | 4 |  4.9
Bows           | |  1.2

Action                   |  1- 3 |  4- 6 |  7- 9 || total
-------------------------+-------+-------+-------++-------
Melee: Dagger            |       |     3 |   496 ||   499
 Fire: Shortbow          |   109 |   112 |   214 ||   435
       Hunting sling     |       |    21 |    10 ||    31
Throw: Stone             |       |     2 |       ||     2
Evoke: Wand              |       |       |     7 ||     7
 Stab: Sleeping          |       |     3 |    15 ||    18
       Distracted        |       |       |     1 ||     1
  Eat: Fruit             |       |       |     2 ||     2
       Bread ration      |       |       |     1 ||     1
Armor: Robe              |     6 |     8 |    13 ||    27
Dodge: Dodged            |    39 |    48 |   467 ||   554
